 Dungeon Crawl Stone Soup version 0.29-a0-517-gbdf32494f2 (webtiles) character file.

Game seed: 14386194711818918437

4 xian the Slasher (level 1, 0/20 HPs)
             Began as a Minotaur Cinder Acolyte on May 30, 2022.
             Was a High Priest of Ignis.
             Slain by a quokka (5 damage)
             ... on level 1 of the Dungeon.
             The game lasted 00:00:46 (173 turns).

xian the Slasher (Minotaur Cinder Acolyte)           Turns: 173, Time: 00:00:46

Health: 0/20       AC:  2    Str: 18    XL:     1   Next: 58%
Magic:  1/1        EV: 11    Int: 11    God:    Ignis [*****.]
Gold:   13         SH:  0    Dex:  5    Spells: 2/2 levels left

rFire   + . .      SeeInvis .   a - -1 falchion (flame)
rCold   . . .      Faith    .   (no shield)
rNeg    . . .      Spirit   .   b - +0 robe
rPois   .          Reflect  .   (helmet restricted)
rElec   .          Harm     .   (no cloak)
rCorr   .          Rampage  .   (no gloves)
Will    .....                   (no boots)
Stlth   +.........              (no amulet)
HPRegen 0.06/turn               (no ring)
MPRegen 0.07/turn               (no ring)

@: no status effects
A: horns 2, retaliatory headbutt
a: Renounce Religion, Fiery Armour, Foxfire Swarm, Rising Flame


You were on level 1 of the Dungeon.
You worshipped Ignis.
Ignis was extremely pleased with you.
You visited 1 branch of the dungeon, and saw 1 of its levels.

You collected 13 gold pieces.

Inventory:

Hand Weapons
 a - a -1 falchion of flaming (weapon)
Armour
 b - a +0 robe (worn)
Scrolls
 c - a scroll of teleportation {unknown}
Potions
 d - a potion of flight {unknown}
 e - a potion of lignification {unknown}
 f - a potion of curing {unknown}


   Skills:
 + Level 3.7 Fighting
 + Level 3.7 Long Blades
 + Level 1.0 Spellcasting
 + Level 2.3 Fire Magic


You had 2 spell levels left.
You didn't know any spells.
Your spell library contained the following spells:

 Spells                   Type           Power      Damage    Failure   Level
 Scorch                   Fire           10%        2d5       19%         2


Dungeon Overview and Level Annotations

Branches:
Dungeon (1/15)

Altars:


Innate Abilities, Weirdness & Mutations

You have a pair of horns on your head.
You reflexively headbutt those who attack you in melee.


Message History

The kobold hits you but does no damage.
You hit the kobold. You burn the kobold.
You kill the kobold!
Things that are here:
a +0 whip; a kobold corpse A frilled lizard comes into view.
The frilled lizard hisses angrily.
The frilled lizard barely misses you.
You miss the frilled lizard. The frilled lizard closely misses you.
The frilled lizard barely misses you.
You closely miss the frilled lizard. The frilled lizard misses you.
You hit the frilled lizard. You burn the frilled lizard.
You kill the frilled lizard!
You see here a frilled lizard corpse.
e - an amethyst potion
f - a sapphire potion A hobgoblin comes into view.
Found a scroll labelled LYMIOD JAES and 8 gold pieces.
Found a stone staircase leading down.
The hobgoblin shouts!
A kobold comes into view. It is wielding a +0 whip.
A giant cockroach comes into view.
A quokka comes into view.
The hobgoblin barely misses you.
You hit the hobgoblin but do no damage. The hobgoblin closely misses you.
The kobold closely misses you.
A giant cockroach comes into view.
You closely miss the kobold. Your headbutt misses the kobold.
The hobgoblin hits you. The kobold hits you with a +0 whip.
You closely miss the hobgoblin. The hobgoblin hits you.
The kobold barely misses you. The giant cockroach closely misses you.
The giant cockroach attacks as you move away!
The giant cockroach bites you but does no damage.
The hobgoblin attacks as you move away! The hobgoblin hits you.
The kobold hits you with a +0 whip.
* * * LOW HITPOINT WARNING * * *
The kobold attacks as you move away! The kobold barely misses you.
The hobgoblin attacks as you move away! The hobgoblin closely misses you.
You furiously retaliate!
You headbutt the hobgoblin. The quokka bites you.
You die...

.. #....### ##.# #..#
#..#..#####.#
.....#####...........#
.............#....####
.........#.####...#####
......................#
...........#..........#
............#.........#
........Br@..###.######
...?...BKg##.# #.#
...>....$###.# #..
.........# #.# ##.#
.#.......# #.. .#
##...$.## # .$ ........
##....... #.......


You could see a quokka, 2 giant cockroaches, a hobgoblin and a kobold.

Vanquished Creatures
  A ball python (D:1)
  A kobold (D:1)
  2 frilled lizards (D:1)
  A rat (D:1)
5 creatures vanquished.

Notes
Turn   | Place    | Note
-------+----------+-------------------------------------------
     0 | D:1      | xian the Minotaur Cinder Acolyte began the quest for the
                  | Orb.
     0 | D:1      | Reached XP level 1. HP: 19/19 MP: 1/1
    33 | D:1      | Found a faded altar of an unknown god.
   173 | D:1      | Slain by a quokka

Illustrated notes

Levels and vault maps discovered:
D:1:      dpeg_arrival_simpleton_a, layout_rooms,
          chequers_ecumenical_altar_simple

Action                   || total
-------------------------++-------
Melee: Falchion          ||    14
Armor: Robe              ||     3
Dodge: Dodged            ||    17

Table legend: (Time is in decaauts)
 A = Elapsed time spent in this place.
 B = Non-inter-level travel time spent in this place.
 C = Inter-level travel time spent in this place.
 D = Time resting spent in this place.
 E = Time spent auto-exploring this place.
 F = Levels seen in this place.
 G = Mean time per level.
                   A        B        C        D        E       F      G
               +--------+--------+--------+--------+--------+-----+--------+
         Total |    174 |    174 |      0 |      0 |    112 |   1 |  174.0 |
       Dungeon |    174 |    174 |      0 |      0 |    112 |   1 |  174.0 |
               +--------+--------+--------+--------+--------+-----+--------+

Top non-repeatable levels by time:
     D:1: 174 daAuts
